 Dungeon Crawl Stone Soup version 0.19-a0-353-g6b7ed47 (webtiles) character file.

142 nubinia the Fighter (level 5, -22/56 HPs)
             Began as a Draconian Wanderer on May 29, 2016.
             Annihilated by an ogre
             ... wielding a +0 giant club
              (25 damage)
             ... on level 4 of the Dungeon.
             The game lasted 00:17:04 (3844 turns).

nubinia the Fighter (Draconian Wanderer)            Turns: 3844, Time: 00:17:05

Health: -22/56     AC:  8    Str: 15    XL:     5   Next: 3%
Magic:  5/5        EV: 12    Int: 13    God:
Gold:   227        SH:  0    Dex: 10    Spells: 0 memorised, 4 levels left

rFire  + . .     SeeInvis .     t - +0 blowgun
rCold  x . .     Gourm    .     (armour unavailable)
rNeg   . . .     Faith    .     (no shield)
rPois  .         Spirit   .     p - +2 hat
rElec  .         Dismiss  .     (no cloak)
rCorr  .         Reflect  .     j - +0 pair of gloves
SustAt .         Harm     .     (no boots)
MR     +....                    (no amulet)
Stlth  +.........               x - ring of protection from magic
                                m - ring of fire

@: somewhat resistant to hostile enchantments, very unstealthy
A: unfitting armour, cold-blooded, AC +5
a: no special abilities


You were on level 4 of the Dungeon.
You were hungry.

You visited 1 branch of the dungeon, and saw 4 of its levels.

You collected 227 gold pieces.

Inventory:

Hand Weapons
 a - a +2 hand crossbow
 c - a +0 shortbow
 g - a +0 club
 k - a +0 vampiric hand axe
 l - a +0 dagger of protection
 t - a +0 blowgun (weapon)
Missiles
 b - 58 bolts
 d - 61 arrows
Armour
 j - a +0 pair of gloves (worn)
 p - a +2 hat (worn)
Jewellery
 m - a ring of fire (left hand)
 x - a ring of protection from magic (right hand)
Scrolls
 e - 3 scrolls of teleportation
 n - a scroll of fear {unknown}
 q - a scroll of magic mapping {unknown}
 r - a scroll of enchant weapon {unknown}
 v - a scroll of blinking {unknown}
Potions
 h - a potion of curing
 i - 2 potions of cancellation {unknown}
 s - 2 potions of haste
 w - a potion of heal wounds
 z - a potion of degeneration {unknown}
 A - a potion of might {unknown}
Comestibles
 f - 4 bread rations
 o - 2 meat rations


   Skills:
 + Level 8.4 Fighting
 + Level 1.4 Short Blades
 + Level 0.8 Maces & Flails
 + Level 1.0 Crossbows
 + Level 2.5 Dodging
 + Level 0.2 Stealth
   Level 1.0 Shields
   Level 1.0 Evocations


You had 4 spell levels left.
You didn't know any spells.

Dungeon Overview and Level Annotations

Branches:
Dungeon (4/15)
 Temple: D:4-7

Altars:
Cheibriados
Elyvilon
Fedhas
Gozag
Kikubaaqudgha
Xom
Zin

Shops:
D:4 *

Annotations:
D:4 1 runed door


Innate Abilities, Weirdness & Mutations

Your plain brown scales are hard (AC +5).
Your body does not fit into most forms of armour.
You are cold-blooded and may be slowed by cold attacks.


Message History

Press: ? - help, Shift-Dir - straight line, f/p - ogre
Aim: an ogre, wielding a giant club (almost dead)
You shoot a poisoned needle. The poisoned needle hits the ogre.
The ogre is almost dead.
The ogre hits you with a giant club!!
* * * LOW HITPOINT WARNING * * *
Firing (i - inventory):
u - 2 poisoned needles (quivered)
Press: ? - help, Shift-Dir - straight line, f/p - ogre
Aim: an ogre, wielding a giant club (almost dead)
You shoot a poisoned needle. The poisoned needle hits the ogre.
The ogre is almost dead.
The ogre closely misses you.
Firing (i - inventory):
u - a poisoned needle (quivered)
Press: ? - help, Shift-Dir - straight line, f/p - ogre
Aim: an ogre, wielding a giant club (almost dead)
You shoot a poisoned needle. The poisoned needle hits the ogre.
The ogre is poisoned.
The ogre is almost dead.
The ogre hits you with a giant club!!
You die...

#....###............##..##...##
##.#####.......#(....#........#
#.# #..#....##...........##..###
#.######.................##....#
##..#.###.#....(..............###
......#...###.........#........##
##..##..###.#.....<..###.#####...
##.####.# #.....O.....##..##.#.##
#.# #.####....@......##.###.###
#.# ##.##.###...............# #
#..# #.##.# #........##....####
#.## ##..#####......###.....###.
..# ##........###..###....##....
..####........####........##.##..
#.................#......##..####
####........[...........###.#
####.........######.........#


You could see an ogre.

Vanquished Creatures
  A hound skeleton (D:4)
  A gnoll (D:1)
  4 adders
  An ooze (D:1)
  An adder skeleton (D:4)
  2 worms
  2 dart slugs
  2 giant geckos
  2 orcs (D:4)
  5 giant cockroaches
  7 hobgoblins
  6 kobolds
  A quokka (D:4)
  A ball python skeleton (D:4)
  6 bats
  4 giant newts
  10 goblins
  4 rats
60 creatures vanquished.

Notes
Turn   | Place    | Note
--------------------------------------------------------------
     0 | D:1      | nubinia the Draconian Wanderer began the quest for the Orb.
     0 | D:1      | nubinia set off with: a +2 hand crossbow, 25 bolts, a +0 shortbow, 25 arrows, a scroll of teleportation, a bread ration
     0 | D:1      | Reached XP level 1. HP: 27/27 MP: 1/1
   116 | D:1      | Reached XP level 2. HP: 33/35 MP: 2/2
   122 | D:1      | Reached skill level 8 in Fighting
   433 | D:1      | Reached XP level 3. HP: 31/40 MP: 3/3
   512 | D:1      | You fall through a shaft!
   596 | D:1      | Reached skill level 1 in Dodging
  1662 | D:2      | Found a snail-covered altar of Cheibriados.
  1957 | D:2      | Found a shimmering altar of Xom.
  1975 | D:2      | Reached XP level 4. HP: 49/49 MP: 4/4
  2847 | D:3      | Found an ancient bone altar of Kikubaaqudgha.
  2908 | D:3      | Reached skill level 1 in Short Blades
  3137 | D:4      | Found Nuheuwudu's General Store.
  3194 | D:4      | Found an opulent altar of Gozag.
  3468 | D:4      | Found a white marble altar of Elyvilon.
  3534 | D:4      | Reached XP level 5. HP: 56/56 MP: 5/5
  3740 | D:4      | Found a glowing silver altar of Zin.
  3740 | D:4      | Noticed an angel
  3746 | D:4      | Found a runed door.
  3779 | D:4      | Found a blossoming altar of Fedhas.
  3798 | D:4      | Noticed an ogre
  3842 | D:4      | HP: 2/56 [ogre/giant club (21)]
  3844 | D:4      | Annihilated by an ogre

Vault maps used:
D:1:      dpeg_arrival_houses_and_road, minmay_box_of_dots
D:2:      tgw_xom, overflow_temple_1_default, moated_statue
D:3:      marbit_many_paths
D:4:      lemuel_coloured_pillars_altar, nicolae_gozag_seed_capital,
          lemuel_doored_altar, serial_shops, shop, first_bread,
          lemuel_angel_altar

Skill      XL: |  1  2  3  4 |
---------------+-------------+-----
Fighting       | 8 |  8.4
Dodging        | 1 2 |  2.5
Short Blades   | 1 |  1.4
Maces & Flails | |  0.8
Crossbows      | |  1.0
Stealth        | |  0.2
Shields        | |  1.0
Evocations     | |  1.0

Action                   |  1- 3 |  4- 6 || total
-------------------------+-------+-------++-------
Melee: Club              |    74 |       ||    74
       Tailslap          |    16 |    19 ||    35
       Unarmed           |     1 |       ||     1
       Dagger            |   118 |   166 ||   284
 Fire: Blowgun           |       |    12 ||    12
       Hand crossbow     |       |     4 ||     4
  Use: Scroll            |       |     3 ||     3
  Eat: Chunk             |     3 |     6 ||     9
Armor: Skin              |    66 |    58 ||   124
Dodge: Dodged            |   106 |   105 ||   211
